 Dungeon Crawl Stone Soup version 0.30.0-29-ga12c61a403 (webtiles) character file.

Game seed: 3038215332098976942

57774 cheesebisquit the Black Belt (level 14, -3/113 HPs)
             Began as a Merfolk Transmuter on June 24, 2023.
             Was an Initiate of Gozag.
             Constricted to death by Jorgrun (10 damage)
             ... on level 2 of the Orcish Mines.
             The game lasted 01:59:34 (22458 turns).

cheesebisquit the Black Belt (Merfolk Transmuter)  Turns: 22458, Time: 01:59:35

Health: -3/113     AC:  2    Str: 11    XL:     14   Next: 87%
Magic:  25/27      EV: 29    Int: 28    God:    Gozag
Gold:   712        SH:  0    Dex: 20    Spells: 5/32 levels left

rFire   . .          .
                       - Unarmed
rCold   . . .        (shield currently unavailable)
rNeg    . . .        C - melded +0 robe of the Eight Prophets {Regen+}
rPois   x            r - melded +2 hat {Stlth+}
rElec   .            y - melded +1 cloak
rCorr   .            T - melded +2 pair of gloves of Uxeinwae {+Inv rC+ Str+3 Slay+3}
SInv    .            x - melded +2 pair of boots
Will    +....        W - amulet of regeneration
Stlth   ++           Q - +6 ring of intelligence
HPRegen 1.18/turn    X - +6 ring of intelligence
MPRegen 0.20/turn

%: no passive effects
@: spider-form, wereblooded, grasped by roots, constricted
A: venomous fangs, tiny, (nimble swimmer 2), (mertail)
a: End Transformation, Renounce Religion, Potion Petition, Call Merchant, Bribe
Branch


You were on level 2 of the Orcish Mines.
You worshipped Gozag.
Gozag was pleased with you.
You were a venomous arachnid creature.
You visited 4 branches of the dungeon, and saw 20 of its levels.
You also visited: Sewer and Ossuary.

You collected 4646 gold pieces.
You spent 1701 gold pieces at shops.
You paid 2233 gold pieces to Gozag.

Inventory:

Hand Weapons
 E - a +3 morningstar of flaming
Missiles
 f - 80 poisoned darts
 u - a throwing net
 K - 16 curare-tipped darts
 O - 10 javelins
 R - 2 atropa-tipped darts
 Y - 3 datura-tipped darts
Armour
 r - a +2 hat of stealth (melded)
 x - a +2 pair of boots (melded)
 y - a +1 cloak (melded)
 C - the +0 robe of the Eight Prophets (melded) {Regen+}
   (You found it on level 10 of the Dungeon)

   Regen:     It increases your rate of health regeneration.
 T - the +2 pair of gloves of Uxeinwae (melded) {+Inv rC+ Str+3 Slay+3}
   (You acquired it on level 8 of the Dungeon)

   Str:       It affects your strength (+3).
   Slay:      It affects your accuracy & damage with ranged weapons and melee
   (+3).
   rC:        It protects you from cold.
   +Inv:      It lets you turn invisible.
Jewellery
 e - a +5 ring of evasion
 k - a +4 ring of protection
 H - a ring of resist corrosion
 M - a ring of poison resistance
 Q - a +6 ring of intelligence (left front pincers)
 S - a ring of flight
 W - an amulet of regeneration (around neck)
 X - a +6 ring of intelligence (right front pincers)
Wands
 d - a wand of roots (5)
 F - a wand of flame (8)
 J - a wand of mindburst (31)
 N - a wand of charming (20)
 U - a wand of digging (4)
Scrolls
 h - 2 scrolls of identify
 j - a scroll of vulnerability
 n - 2 scrolls of torment
 v - a scroll of silence
 z - 6 scrolls of teleportation
 D - 2 scrolls of poison
 G - a scroll of magic mapping
 L - 2 scrolls of brand weapon
 V - 2 scrolls of amnesia
 Z - 3 scrolls of immolation
Potions
 a - a potion of flight
 b - 7 potions of lignification
 c - a potion of mutation
 g - 3 potions of brilliance
 i - 6 potions of curing
 l - 9 potions of attraction
 q - 5 potions of might
 s - a potion of berserk rage
 t - 5 potions of magic
 A - 7 potions of cancellation
 B - a potion of haste
 P - 2 potions of ambrosia


   Skills:
 + Level 11.0 Fighting
 + Level 13.2 Dodging
 * Level 15.7 Unarmed Combat
 + Level 9.6 Spellcasting
 + Level 13.2 Transmutations
 - Level 5.0 Ice Magic
 + Level 4.4 Earth Magic
 - Level 5.0 Poison Magic


You had 5 spell levels left.
You knew the following spells:

 Your Spells              Type           Power      Damage    Failure   Level
a - Beastly Appendage     Tmut           100%       N/A       1%          1
b - Wereblood             Tmut           73%        N/A       1%          2
c - Spider Form           Tmut/Pois      59%        N/A       2%          3
d - Ice Form              Ice/Tmut       59%        N/A       5%          4
e - Alistair's Intoxicat  Tmut/Pois      39%        N/A       10%         5
f - Eringya's Noxious Bo  Tmut/Pois      29%        N/A       34%         6
g - Petrify               Tmut/Erth      58%        N/A       5%          4
h - Passwall              Tmut/Erth      48%        N/A       1%          2

Your spell library contained the following spells:

 Spells                   Type           Power      Damage    Failure   Level
 Blade Hands              Tmut           36%        N/A       3%          5
 Sandblast                Erth           76%        2d16      4%          1
 Ozocubu's Armour         Ice            41%        N/A       7%          3
 Ensorcelled Hibernation  Hex/Ice        54%        N/A       9%          2
 Poisonous Vapours        Pois/Air       54%        N/A       9%          2
 Apportation              Tloc           26%        N/A       13%         1
 Magic Dart               Conj           52%        1d5       13%         1
 Slow                     Hex            52%        N/A       13%         1
 Stone Arrow              Conj/Erth      50%        3d10      14%         3
 Call Imp                 Summ           26%        N/A       17%         2
 Sublimation of Blood     Necr           13%        N/A       17%         2
 Mephitic Cloud           Conj/Pois/Air  22%        N/A       17%         3
 Call Canine Familiar     Summ           13%        N/A       30%         3
 Confusing Touch          Hex            13%        N/A       30%         3
 Gell's Gravitas          Tloc           13%        N/A       30%         3
 Portal Projectile        Hex/Tloc       26%        N/A       30%         3
 Summon Guardian Golem    Hex/Summ       13%        N/A       30%         3
 Teleport Other           Tloc           13%        N/A       30%         3
 Tukima's Dance           Hex            13%        N/A       30%         3
 Vampiric Draining        Necr           13%        2d6       30%         3
 Vhi's Electric Charge    Tloc/Air       26%        N/A       30%         3
 Leda's Liquefaction      Hex/Erth       12%        N/A       36%         4
 Anguish                  Hex/Necr       6%         N/A       61%         4
 Fulminant Prism          Conj/Hex       6%         3d7       61%         4
 Manifold Assault         Tloc           13%        N/A       61%         4
 Borgnjor's Vile Clutch   Necr/Erth      12%        N/A       65%         5
 Freezing Cloud           Conj/Ice/Air   11%        6-21      73%         5
 Arcjolt                  Conj/Air       6%         1d16      89%         5
 Dispersal                Tloc           6%         N/A       100%        6
 Orb of Destruction       Conj           6%         9d6       100%        7
 Ozocubu's Refrigeration  Ice            20%        4d12      100%        7
 Spellforged Servitor     Conj/Summ      6%         N/A       100%        7
 Summon Hydra             Summ           6%         N/A       100%        7
 Disjunction              Tloc           6%         N/A       100%        8
 Maxwell's Capacitive Co  Air            6%         ∞         100%        8


Dungeon Overview and Level Annotations

Branches:
Dungeon (12/15)            Temple (1/1) D:5            Lair (5/5) D:8
 Shoals (0/4) Lair:3       Spider (0/4) Lair:2        Slime (0/5) Lair:5
    Orc (2/2) D:9           Sewer (visited)         Ossuary (visited)
    Elf: Orc:2

Altars:
Ashenzari
Cheibriados
Dithmenos
Elyvilon
Fedhas
Gozag
Hepliaklqana
Kikubaaqudgha
Makhleb
Nemelex Xobeh
Okawaru
Qazlal
Ru
Sif Muna
Trog
Uskayaw
Vehumet
Wu Jian
Xom
Yredelemnul
Zin
The Shining One
Jiyva

Shops:
D:3 *   D:4 (   D:7 *   D:8 [   D:9 !   Lair:2 :

Annotations:
Orc:2 Erolcha, Jorgrun


Innate Abilities, Weirdness & Mutations

You are a venomous arachnid creature.
You have venomous fangs.
You are tiny and dextrous.
Your spellcasting is less reliable in this form.
Your armour is entirely melded.
You are incapable of wielding weapons or throwing items.
((You are very nimble when in or above water. (Stealth+, EV+, Speed+++)))
((Your lower body shifts to a powerful aquatic tail in water.))


Message History

Jorgrun is heavily wounded.
Jorgrun barely misses you. The grasping roots constrict you!
You hit Jorgrun but do no damage.
Jorgrun looks even sicker.
Jorgrun is heavily wounded.
You hit Jorgrun.
Jorgrun looks as sick as possible!
Jorgrun is heavily wounded.
Jorgrun closely misses you. The grasping roots constrict you!
You hit Jorgrun.
Jorgrun is heavily wounded.
The troll shouts!
You maul Jorgrun!!
Jorgrun looks as sick as possible!
Jorgrun is severely wounded.
Jorgrun hits you with a +0 heavy quarterstaff!
The grasping roots constrict you.
Casting: Spider Form (mildly dangerous; 2% risk of failure)
Confirm with . or Enter, or press ? or * to list all spells.
Your blood is infused with primal strength.
You barely miss Jorgrun.
Jorgrun is almost dead.
Jorgrun completely misses you. The grasping roots constrict you!
You escape the roots grasp.
Jorgrun attacks as you move away! Jorgrun completely misses you.
The troll shouts!
You hit the troll but do no damage.
The troll is poisoned.
Jorgrun casts a spell at you.
Roots burst forth from the earth!
The grasping roots grab you! The grasping roots constrict you!!
* * * LOW HITPOINT WARNING * * *
The troll bites you!
* * * LOW HITPOINT WARNING * * *
The troll misses you. The troll claws you!
* * * LOW HITPOINT WARNING * * *
Blink to where?
Press: ? - help, Dir - move target The roots grasp on you weakens, but your attempt to escape fails.
As you read the scroll of blinking, it crumbles to dust.
The grasping roots constrict you!
You die...
Your body crumbles into a pile of gold.

............###
##.......................#
#..........#..............
#..........##O...........#
..........................
.......#..................
........................#.
......#....................
............T..Tsg........#
..##.#....O...............#
.##.......................##
###...#.#..................#
# ##.###...#....<.........##
#.............(.)........#
##........##....)[........#
#.........#...............#
##.........#..............#


You could see Jorgrun (extremely poisoned), a two-headed ogre, 2 trolls and an
ogre.

Vanquished Creatures
  Nessos (Lair:3)
  A fire dragon (Lair:5)
  4 hydras
  An ogre mage (Orc:2)
  The ghost of Fractals the Blocker, a journeyman DsBr of Dithmenos (Lair:2)
  3 catoblepae (Lair:3)
  4 two-headed ogres
  2 boulder beetles
  5 death yaks
  2 tengu warriors (D:12)
  Urug (D:12)
  Amaemon (D:8)
  A skyshark (Lair:5)
  An iron troll (Orc:2)
  A lindwurm (Lair:5)
  A deep elf pyromancer (D:12)
  An ugly thing (D:12)
  A manticore (D:12)
  A cyclops (D:11)
  10 elephants
  3 molten gargoyles (Lair:5)
  5 slime creatures
  Joseph (D:9)
  11 black mambas
  Maggie (D:8)
  An orange demon (D:8)
  10 cane toads
  Psyche (D:9)
  3 rime drakes
  3 unseen horrors
  2 kobold demonologists
  10 komodo dragons
  A merfolk (Lair:3)
  Grinder (D:4)
  5 trolls
  4 polar bears
  Prince Ribbit (D:9)
  A hornet (D:8)
  11 blink frogs
  Sigmund (D:6)
  7 wyverns
  2 wraiths (Ossuary)
  36 yaks
  7 basilisks
  3 steam dragons
  3 acid dragons
  27 water moccasins
  4 hell hounds (Lair:5)
  7 orc warriors
  A sky beast (D:6)
  9 ogres
  5 wolves (Lair:1)
  2 centaurs
  4 kobold brigands
  8 bullfrogs
  A gnoll sergeant (D:7)
  5 scorpions
  13 wights
  6 killer bees (D:9)
  2 electric eels (Lair:3)
  5 howler monkeys
  5 lava snakes (Lair:5)
  3 hounds
  A jelly (D:5)
  10 orc priests
  Crazy Yiuf (D:3)
  A sleepcap (D:8)
  6 orc wizards
  Natasha (D:2)
  7 hell rats (Lair:3)
  5 gnolls (D:7)
  A river rat (D:3)
  18 adders
  A shadow imp (D:4)
  A white imp (D:8)
  5 worms
  3 dart slugs
  46 orcs
  12 ball pythons
  10 endoplasms
  13 giant cockroaches
  14 goblins
  8 hobgoblins
  4 jackals (D:3)
  5 quokkas
  A ball python skeleton (Ossuary)
  6 bats
  8 frilled lizards
  A hobgoblin zombie (Ossuary)
  21 kobolds
  2 kobold zombies (Ossuary)
  2 orc skeletons (Ossuary)
  8 rats
  A spectral orc (D:5)
507 creatures vanquished.

Vanquished Creatures (others)
  A steam dragon (Lair:5)
1 creature vanquished.

Grand Total: 508 creatures vanquished

Notes
Turn   | Place    | Note
-------+----------+-------------------------------------------
     0 | D:1      | cheesebisquit the Merfolk Transmuter began the quest for
                  | the Orb.
     0 | D:1      | Reached XP level 1. HP: 15/15 MP: 3/3
   311 | D:1      | Reached XP level 2. HP: 18/21 MP: 3/5
   601 | D:1      | Reached XP level 3. HP: 24/26 MP: 4/6
  1417 | D:2      | Learned a level 2 spell: Wereblood
  1421 | D:2      | Learned a level 3 spell: Spider Form
  1533 | D:2      | Noticed Natasha
  1604 | D:2      | Reached skill level 4 in Unarmed Combat
  1608 | D:2      | Reached XP level 4. HP: 33/33 MP: 7/7
  1957 | D:2      | Killed Natasha
  1958 | D:2      | Reached XP level 5. HP: 38/38 MP: 6/8
  2424 | D:3      | Found a faded altar of an unknown god.
  2692 | D:3      | Found a runed translucent door.
  2693 | D:3      | Noticed Crazy Yiuf
  2793 | D:3      | Found an ancient bone altar of Kikubaaqudgha.
  2981 | D:3      | Reached XP level 6. HP: 46/46 MP: 8/10
  3015 | D:3      | Found a glowing drain.
  3019 | Sewer    | Entered a sewer
  3025 | Sewer    | Learned a level 4 spell: Ice Form
  3199 | Sewer    | Reached skill level 5 in Unarmed Combat
  3227 | Sewer    | Reached skill level 1 in Poison Magic
  3350 | Sewer    | Reached skill level 1 in Ice Magic
  3350 | Sewer    | Reached XP level 7. HP: 47/51 MP: 8/11
  3713 | D:3      | Found Nubux's Assorted Antiques.
  3717 | D:3      | Bought a pair of boots for 108 gold pieces
  3796 | D:3      | Killed Crazy Yiuf
  3905 | D:4      | You fall into a shaft and drop 1 floor!
  3905 | D:5      | Entered Level 5 of the Dungeon
  3925 | D:5      | Found a sand-covered staircase.
  3934 | Ossuary  | Entered an ossuary
  4009 | Ossuary  | Reached skill level 5 in Transmutations
  4018 | Ossuary  | Reached skill level 6 in Unarmed Combat
  4122 | Ossuary  | Noticed a wraith
  4122 | Ossuary  | Noticed a flying skull
  4129 | Ossuary  | Noticed a flying skull
  4135 | Ossuary  | Noticed a flying skull
  4156 | Ossuary  | Noticed a flying skull
  4178 | Ossuary  | Reached XP level 8. HP: 31/53 MP: 10/13
  4266 | Ossuary  | Noticed a wraith
  4299 | Ossuary  | Killed a wraith
  4300 | Ossuary  | Reached skill level 5 in Dodging
  4446 | Ossuary  | Noticed a wraith
  4475 | Ossuary  | Killed a wraith
  4845 | D:4      | Found Sahiostruu's Antique Weapon Shop.
  5090 | D:4      | Noticed Grinder
  5090 | D:4      | Paralysed by Grinder for 3 turns
  5112 | D:4      | Killed Grinder
  5113 | D:4      | Reached skill level 7 in Unarmed Combat
  5538 | D:5      | Found a hazy altar of Hepliaklqana.
  5720 | D:5      | Found a staircase to the Ecumenical Temple.
  5731 | D:5      | Reached XP level 9. HP: 66/66 MP: 15/15
  5734 | Temple   | Entered the Ecumenical Temple
  6361 | D:6      | Noticed Sigmund
  6377 | D:6      | Killed Sigmund
  6637 | D:6      | Found a bloodstained altar of Trog.
  6637 | D:6      | Found a faded altar of an unknown god.
  6645 | D:6      | Found a faded altar of an unknown god.
  6647 | D:6      | Found a basalt altar of Yredelemnul.
  6649 | D:6      | Found a glowing silver altar of Zin.
  6839 | D:7      | Reached skill level 8 in Unarmed Combat
  6842 | D:7      | Reached skill level 5 in Fighting
  7266 | D:7      | Found Heugie Uxteb's CLEARANCE SALE!.
  7272 | D:7      | Bought a potion of might for 16 gold pieces
  7476 | D:8      | Noticed Maggie
  7479 | D:8      | Identified 2 scrolls of acquirement
  7479 | D:8      | Acquired the +2 pair of gloves of Uxeinwae {+Inv rC+ Str+3
                  | Slay+3}
  7492 | D:8      | Killed Maggie
  7711 | D:8      | Noticed Amaemon
  7711 | D:8      | Noticed an orange demon
  7810 | D:8      | Noticed a hornet
  7817 | D:8      | Paralysed by a hornet for 1 turns
  7818 | D:8      | Killed a hornet
  7819 | D:8      | Reached skill level 5 in Spellcasting
  7819 | D:8      | Reached XP level 10. HP: 54/74 MP: 14/17
  7901 | D:8      | Reached skill level 5 in Poison Magic
  7932 | D:8      | Found an opulent altar of Gozag.
  7968 | D:8      | Became a worshipper of Gozag Ym Sagoz the Greedy
  8410 | D:8      | Killed Amaemon
  8411 | D:8      | Reached skill level 9 in Unarmed Combat
  8418 | D:8      | Killed an orange demon
  8419 | D:8      | Reached skill level 5 in Ice Magic
  8618 | D:8      | Found a staircase to the Lair.
  8700 | D:9      | Noticed Psyche
  8718 | D:9      | Killed Psyche
  8839 | D:9      | Noticed Prince Ribbit
  8849 | D:9      | Killed Prince Ribbit
  8944 | D:9      | Found a staircase to the Orcish Mines.
  8984 | D:9      | Noticed Joseph
  9005 | D:9      | Killed Joseph
  9068 | D:9      | Learned a level 5 spell: Alistair's Intoxication
  9356 | D:9      | Reached skill level 10 in Unarmed Combat
  9496 | D:9      | Reached XP level 11. HP: 74/83 MP: 14/19
  9891 | D:9      | Found a snail-covered altar of Cheibriados.
 10087 | D:3      | Bought a wand of mindburst (7) for 235 gold pieces
 10087 | D:3      | Bought a scroll of enchant armour for 180 gold pieces
 10087 | D:3      | Bought a scroll labelled CUUNAS KUZIBBE for 24 gold pieces
 10089 | D:3      | Acquired 433 gold pieces
 10282 | D:10     | Entered Level 10 of the Dungeon
 10324 | D:10     | Learned a level 6 spell: Eringya's Noxious Bog
 10378 | D:10     | Identified the +0 robe of the Eight Prophets {Regen+}
 10714 | D:10     | Noticed a two-headed ogre
 10722 | D:10     | Killed a two-headed ogre
 11497 | D:11     | Noticed a cyclops
 11510 | D:11     | Killed a cyclops
 11511 | D:11     | Reached skill level 11 in Unarmed Combat
 11830 | D:11     | Identified the +0 chain mail of the Demon Prince {Str+2}
 11934 | D:11     | Identified the +1 sling "Wunah" {elec, Str+8 Int+2 Dex+3
                  | Stlth-}
 12127 | D:11     | Noticed a boulder beetle
 12142 | D:11     | Killed a boulder beetle
 12587 | D:12     | Noticed a manticore
 12607 | D:12     | Noticed a deep elf pyromancer
 12714 | D:12     | Reached XP level 12. HP: 25/92 MP: 22/22
 12794 | D:12     | Noticed a tengu warrior
 12794 | D:12     | Noticed a tengu warrior
 12799 | D:12     | Reached skill level 10 in Dodging
 12799 | D:12     | Reached skill level 12 in Unarmed Combat
 12799 | D:12     | Reached skill level 10 in Transmutations
 12946 | D:12     | Noticed Urug
 13175 | D:12     | Killed a tengu warrior
 13228 | D:12     | Killed a tengu warrior
 13408 | D:12     | Killed Urug
 14176 | D:8      | Bought a glowing robe for 96 gold pieces
 14179 | Lair:1   | Entered Level 1 of the Lair of Beasts
 14331 | Lair:1   | Noticed a boulder beetle
 14362 | Lair:1   | Killed a boulder beetle
 14860 | Lair:1   | Reached skill level 13 in Unarmed Combat
 15435 | Lair:2   | Noticed Fractals's ghost (journeyman DsBr)
 15435 | Lair:2   | Found a runed translucent door.
 15505 | Lair:2   | Noticed a four-headed hydra
 15512 | Lair:2   | Killed a four-headed hydra
 15513 | Lair:2   | Reached XP level 13. HP: 91/101 MP: 25/25
 15707 | Lair:2   | Bought the Octavo of Changing Anathema for 442 gold pieces
 15712 | Lair:2   | Learned a level 4 spell: Petrify
 15817 | Lair:2   | Reached skill level 1 in Earth Magic
 15957 | Lair:2   | Found a hole to the Spider Nest.
 16671 | Lair:3   | Reached skill level 14 in Unarmed Combat
 17150 | Lair:3   | Found a staircase to the Shoals.
 17286 | Lair:3   | Noticed Nessos
 17292 | Lair:3   | Reached skill level 10 in Fighting
 17308 | Lair:3   | Killed Nessos
 18444 | Lair:4   | Identified the +9 long sword "Yjuur" {venom, rF+}
 18461 | Lair:4   | Reached XP level 14. HP: 110/110 MP: 20/26
 18570 | Lair:4   | Found the +8 whip "Snakebite" {venom, curare, rPois}
 19057 | Lair:5   | Entered Level 5 of the Lair of Beasts
 19126 | Lair:5   | Reached skill level 15 in Unarmed Combat
 19482 | Lair:5   | Found a staircase to the Slime Pits.
 19482 | Lair:5   | Found a viscous altar of Jiyva.
 20510 | Lair:5   | Found a large runed translucent door.
 20510 | Lair:5   | Found a large runed translucent door.
 21233 | Lair:5   | Identified the staff of conjuration "Plog" {rF+ Str+3
                  | Int-5}
 21628 | Lair:2   | Killed Fractals's ghost
 21843 | D:9      | Bought a potion of heal wounds for 70 gold pieces
 21843 | D:9      | Bought a potion of mutation for 112 gold pieces
 21843 | D:9      | Bought a potion of cancellation for 112 gold pieces
 21959 | Lair:2   | Bought a book of Geomancy for 306 gold pieces
 21962 | Lair:2   | Learned a level 2 spell: Passwall
 22074 | Orc:1    | Entered Level 1 of the Orcish Mines
 22171 | Orc:2    | Entered Level 2 of the Orcish Mines
 22282 | Orc:2    | Noticed Erolcha
 22351 | Orc:2    | HP: 1/135 [two-headed ogre/+0 giant club (21)]
 22434 | Orc:2    | Noticed Jorgrun
 22458 | Orc:2    | Constricted to death by Jorgrun

Illustrated notes

Levels and vault maps discovered:
D:1:      ebering_hopf_link, layout_basic, serial_forest,
          infiniplex_forest_end_3, infiniplex_forest_straight_4,
          infiniplex_forest_straight_1, infiniplex_forest_clump_small,
          infiniplex_forest_corner_1, infiniplex_forest_end_1,
          nicolae_eternal_life
D:2:      layout_loops_cross, serial_aquarium, aquarium_bridge_square
          [aquarium_subvault_wall, aquarium_subvault_bridge,
          aquarium_subvault_bridge, aquarium_subvault_wall],
          aquarium_bridge_island_large [aquarium_subvault_large_open,
          aquarium_subvault_window, aquarium_subvault_wall,
          aquarium_subvault_bridge, aquarium_subvault_window],
          aquarium_window_1, aquarium_window_1, aquarium_view_2c,
          aquarium_balcony_1b, nicolae_half_adder, uniq_natasha
D:3:      layout_basic, nicolae_overflow_crystal_walls,
          nicolae_ecumenical_pavilion, gup_sewer_entry_spiral, serial_shops,
          nicolae_shop_back_alley_shop, uniq_crazy_yiuf_cottage
D:4:      layout_cave_pools, serial_shops, nicolae_shop_tiny_waterfront,
          uniq_grinder
D:5:      layout_gridville, nicolae_hepliaklqana_monster_ancestors,
          temple_green, nicolae_ossuary_entry_monument, kennysheep_crisscross
D:6:      layout_gridville, chequers_temple_overflow_minitemple, uniq_sigmund
D:7:      layout_rooms, nicolae_shop_clearance
D:8:      kennysheep_blocky_hall, layout_gridville, lemuel_doored_altar,
          uniq_amaemon, uniq_maggie
D:9:      layout_stronghold, kennysheep_mini, minmay_orc_entry_temple_small,
          uniq_joseph, uniq_prince_ribbit1, uniq_psyche
D:10:     layout_grid_maze, minivault_19
D:11:     layout_big_octagon, hangedman_decor_push
D:12:     layout_loops_ring, gauntlet_entry_generic, hex_large, uniq_urug
Temple:   minmay_freezing_vapour_temple
Lair:1:   layout_cave_pods, grunt_megastairs_4, lemuel_fruit_tree
Lair:2:   layout_misc_corridors, nicolae_spider_entry_non_spiders,
          gammafunk_ghost_grave
Lair:3:   nzn_winding_woodlands_stair_trap [nzn_winding_woodlands_5x15_garden,
          nzn_winding_woodlands_5x15_cabin, nzn_winding_woodlands_5x15_sawtooth,
          nzn_winding_woodlands_15x15_five_gardens,
          nzn_winding_woodlands_5x15_longhouse, nzn_winding_woodlands_5x15_eye,
          nzn_winding_woodlands_5x15_concentric], layout_hall_layers,
          elwin_shoals_entry_rooms, grunt_forest_small_clearing_treed,
          uniq_nessos
Lair:4:   minmay_guarded_unrand_snakebite, layout_regular_city,
          chequers_serial_rivers_micro_a
Lair:5:   cheibrodos_lair_end_hotspot, layout_layer_cave, slime_entry_1,
          chequers_serial_rivers_room_a
Orc:1:    layout_diamond_mine, serial_shops, nicolae_shop_mannequins, shop,
          shop_statue, mines5_lemuel
Orc:2:    st_orc_open, layout_caves, serial_shops, nicolae_shop_tiny_glass,
          mines3_lemuel, uniq_jorgrun, uniq_erolcha

Skill      XL: |  1  2  3  4  5  6  7  8  9 10 11 12 13 14 |
---------------+-------------------------------------------+-----
Transmutations | 3 4 5 6 7 8 9 11 12 13 | 13.2
Dodging        | 3 4 5 7 8 9 11 12 13 | 13.2
Unarmed Combat | 4 5 6 7 8 10 11 13 14 15 | 15.7
Fighting       | 2 3 4 5 6 7 9 10 11 | 11.0
Spellcasting   | 3 4 5 7 8 9 |  9.6
Poison Magic   | 1 2 3 4 5 |  5.0
Ice Magic      | 1 3 4 5 |  5.0
Earth Magic    | 3 4 |  4.4

Action                     |  1- 3 |  4- 6 |  7- 9 | 10-12 | 13-15 || total
---------------------------+-------+-------+-------+-------+-------++-------
  Melee: Unarmed           |   196 |   224 |   382 |   541 |   647 ||  1990
         Headbutt          |    22 |    35 |    60 |    27 |     2 ||   146
         Punch             |     8 |     3 |    14 |     6 |     4 ||    35
         Tailslap          |       |     8 |       |       |       ||     8
  Throw: Javelin           |       |       |       |     1 |       ||     1
   Cast: Beastly Appendage |    29 |    29 |    36 |    14 |     2 ||   110
         Wereblood         |       |    11 |    18 |    23 |    25 ||    77
         Spider Form       |       |       |    12 |    21 |    22 ||    55
         Ice Form          |       |       |     1 |    18 |    34 ||    53
         Petrify           |       |       |       |       |     1 ||     1
         Eringya's Noxious |       |       |       |       |     1 ||     1
 Invoke: Call Merchant     |       |       |       |     1 |     2 ||     3
Ability: Evoke Invisibilit |       |       |     1 |       |       ||     1
  Evoke: Wand              |       |       |       |       |     1 ||     1
    Use: Scroll            |       |       |    13 |    13 |    21 ||    47
         Potion            |       |       |     3 |     4 |     9 ||    16
   Stab: Sleeping          |       |     1 |     2 |     1 |     1 ||     5
         Distracted        |       |       |       |     3 |     3 ||     6
         Petrified         |       |       |       |       |    13 ||    13
         Petrifying        |       |       |       |       |     1 ||     1
 Armour: Robe              |    11 |    52 |    38 |    33 |    10 ||   144
         Skin              |       |       |     8 |   113 |   120 ||   241
  Dodge: Dodged            |    59 |   190 |   349 |   436 |   491 ||  1525
